 Dungeon Crawl Stone Soup version 0.30-a0-374-g95c0257040 (webtiles) character file.

Game seed: 3791198612002146267

27 flotson the Sneak (level 2, -2/24 HPs)
             Began as a Demonspawn Delver on Nov 25, 2022.
             Was an Initiate of Hepliaklqana.
             Succumbed to a water moccasin's poison
             ... in a sewer.
             The game lasted 00:02:27 (365 turns).

flotson the Sneak (Demonspawn Delver)                Turns: 365, Time: 00:02:27

Health: -2/24      AC:  5    Str: 12    XL:     2   Next: 93%
Magic:  1/2        EV:  8    Int: 11    God:    Hepliaklqana [......]
Gold:   0          SH:  0    Dex: 14    Spells: 1/1 levels left

rFire   . . .      SeeInvis .    a - +0 spear
rCold   . . .      Faith    .    (no shield)
rNeg    . . .      Spirit   +    l - +0 ring mail
rPois   .          Reflect  .    (no helmet)
rElec   .          Harm     .    (no cloak)
rCorr   .          Rampage  .    (no gloves)
Will    .....                    (no boots)
Stlth   ++........               i - amulet of guardian spirit
HPRegen 0.24/turn                (no ring)
MPRegen 0.08/turn                (no ring)

@: lethally poisoned (-2 -> -24), hasted, constricted, very quick
A: weakness stinger 1
a: Renounce Religion


You were in a sewer.
You worshipped Hepliaklqana.
Hepliaklqana was noncommittal.
You visited 1 branch of the dungeon, and saw 3 of its levels.
You also visited: Sewer.

Inventory:

Hand Weapons
 a - a +0 spear (weapon)
Missiles
 k - 6 boomerangs (quivered)
Armour
 b - a +0 leather armour
 l - a +0 ring mail (worn)
Jewellery
 i - an amulet of guardian spirit (around neck)
Wands
 g - a wand of digging (2)
Scrolls
 c - a scroll of fog
 h - a scroll of silence {unknown}
Potions
 d - a potion of might {unknown}
 e - 2 potions of brilliance {unknown}
 j - a potion of invisibility {unknown}
 m - a potion of mutation {unknown}


   Skills:
 + Level 3.3 Fighting
 - Level 1.7 Polearms
 + Level 1.0 Armour
 + Level 2.1 Dodging
 - Level 4.5 Stealth
 + Level 1.1 Evocations


You had one spell level left.
You didn't know any spells.
Your spell library contained the following spells:

 Spells                   Type           Power      Damage    Failure   Level
 Call Canine Familiar     Summ           0%         N/A       94%         3
 Portal Projectile        Hex/Tloc       0%         N/A       94%         3
 Leda's Liquefaction      Hex/Erth       0%         N/A       100%        4


Dungeon Overview and Level Annotations

Branches:
Dungeon (5/15)              Sewer (1/1)
 Temple: D:4-7

Altars:
Hepliaklqana


Innate Abilities, Weirdness & Mutations

You have a small tail.


Message History

You feel yourself speed up.
You feel sick. The water moccasin closely misses you.
The ball python hisses angrily.
You hit the water moccasin.
Your tail-slap misses the water moccasin.
The water moccasin is lightly wounded.
You feel sick.
The water moccasin bites you but does no damage.
You miss the water moccasin.
Your tail-slap misses the water moccasin.
The water moccasin is lightly wounded.
You feel sick.
The water moccasin bites you but does no damage.
The ball python bites you but does no damage.
The ball python closely misses you.
You hit the water moccasin but do no damage.
Your tail-slap misses the water moccasin.
You feel sick. The water moccasin bites you.
You are lethally poisoned!
The water moccasin poisons you!
Unknown command.
You closely miss the water moccasin.
You feel sick.
The ball python bites you but does no damage.
The ball python barely misses you. The water moccasin bites you.
Unknown command.
You barely miss the water moccasin.
You feel very sick. The water moccasin bites you.
* * * LOW HITPOINT WARNING * * *
You are more poisoned.
The water moccasin poisons you! The ball python barely misses you.
The ball python grabs you. The ball python constricts you.
* * * LOW HITPOINT WARNING * * *
You closely miss the water moccasin.
* * * LOW HITPOINT WARNING * * *
You feel very sick.
The water moccasin bites you but does no damage.
The ball python barely misses you. The ball python constricts you.
You closely miss the water moccasin.
You die...

#≈≈≈≈≈≈≈≈. #≈≈≈≈≈≈≈~#
#≈≈≈≈≈≈≈~ ≈≈≈≈≈≈≈~.
#≈≈≈≈≈≈~# #≈≈≈≈≈≈~#
#≈≈≈≈≈~## #≈≈≈≈≈≈S##
#≈≈≈≈≈≈≈S@##
#≈≈≈≈≈≈≈≈~~# ###
##≈≈≈≈≈≈≈≈.# ##.##
#≈≈≈≈≈≈≈≈.#######∩∩.#
#≈≈≈≈≈≈≈≈≈~.##.#.≈≈~#~≈
##≈≈≈≈≈≈≈≈≈.##†~≈≈≈≈.≈≈≈
##≈≈≈≈≈≈≈≈≈~~≈≈≈≈≈≈≈≈≈≈≈
##≈≈≈≈≈≈≈≈≈≈≈≈≈≈≈≈≈≈≈≈≈
#≈≈≈≈≈≈≈≈≈≈≈≈≈≈≈≈≈≈≈≈≈


You could see a water moccasin and a ball python.

Vanquished Creatures
  A gnoll (D:3)
  An orc (D:3)
  An endoplasm (D:3)
  A giant cockroach (D:3)
  3 jackals (D:3)
  4 quokkas (D:3)
  A ball python (Sewer)
  2 frilled lizards (Sewer)
  A rat (D:3)
15 creatures vanquished.

Notes
Turn   | Place    | Note
-------+----------+-------------------------------------------
     0 | D:5      | flotson the Demonspawn Delver began the quest for the Orb.
     0 | D:5      | Reached XP level 1. HP: 18/18 MP: 1/1
     0 | D:5      | Found a hazy altar of Hepliaklqana.
    23 | D:5      | Became a worshipper of Hepliaklqana the Forgotten
    35 | D:5      | Noticed a scorpion
    47 | D:5      | Noticed a bullfrog
    70 | D:4      | Noticed an orc wizard
    71 | D:4      | Noticed a scorpion
   166 | D:3      | Gained mutation: You have a small tail. [demonic ancestry]
   166 | D:3      | Reached XP level 2. HP: 16/24 MP: 0/2
   226 | D:3      | Found a glowing drain.
   248 | D:3      | Reached skill level 1 in Evocations
   259 | D:3      | Reached skill level 1 in Armour
   270 | Sewer    | Entered a sewer
   355 | Sewer    | Noticed a water moccasin
   365 | Sewer    | Succumbed to a water moccasin's poison

Illustrated notes

Levels and vault maps discovered:
D:3:      lemuel_castle_with_subvaults [lemuel_castle_interior_carwin_1],
          layout_basic, tso_metal_star, gammafunk_ghost_gnarly_gnolls,
          portal_sewer_entry_f, kennysheep_nub, hex_medium, uniq_pargi,
          uniq_terence
D:4:      layout_cave_pools, minmay_temple_entry_junction
D:5:      layout_rooms, lemuel_crystal_altar, minmay_chambers_of_fives
Sewer:    sewer_co_pargi_island

Skill      XL: |  1  2 |
---------------+-------+-----
Dodging        | 2 |  2.1
Evocations     | 1 |  1.1
Armour         | 1 |  1.0
Fighting       | |  3.3
Polearms       | |  1.7
Stealth        | |  4.5

Action                   || total
-------------------------++-------
Melee: Spear             ||    64
       Punch             ||     1
       Tailslap          ||     4
Evoke: Wand              ||     1
  Use: Scroll            ||     2
       Potion            ||     1
Armor: Ring mail         ||    22
       Leather armour    ||     4
Dodge: Dodged            ||    54

Table legend: (Time is in decaauts)
 A = Elapsed time spent in this place.
 B = Non-inter-level travel time spent in this place.
 C = Inter-level travel time spent in this place.
 D = Time resting spent in this place.
 E = Time spent auto-exploring this place.
 F = Levels seen in this place.
 G = Mean time per level.
                   A        B        C        D        E       F      G
               +--------+--------+--------+--------+--------+-----+--------+
         Total |    379 |    357 |     22 |      0 |     67 |   4 |   94.8 |
       Dungeon |    281 |    259 |     22 |      0 |     16 |   3 |   93.7 |
         Sewer |     98 |     98 |      0 |      0 |     51 |   1 |   98.0 |
               +--------+--------+--------+--------+--------+-----+--------+

Top non-repeatable levels by time:
     D:3: 196 daAuts
   Sewer: 98 daAuts
     D:5: 68 daAuts
     D:4: 16 daAuts
